 Dungeon Crawl Stone Soup version 0.20.1-1-g8b1a95d (webtiles) character file.

17710 vomix the Severer (level 12, -23/108 HPs)
             Began as a Minotaur Berserker on Aug 25, 2017.
             Was an Elder of Trog.
             Annihilated by a tyrant leech (28 damage)
             ... on level 3 of the Lair of Beasts.
             The game lasted 00:29:56 (12611 turns).

vomix the Severer (Minotaur Berserker)             Turns: 12611, Time: 00:29:56

Health: -23/108    AC: 15    Str: 18    XL:     12   Next: 21%
Magic:  11/11      EV:  6    Int:  4    God:    Trog [****..]
Gold:   499        SH:  0    Dex: 18    Spells: 11/11 levels left

rFire    . . .     SeeInvis .   a - +6 whip of Big Damage {elec, +Fly rN++ Str-4 Dex+3}
rCold    + . .     Gourm    .   (no shield)
rNeg     + + .     Faith    .   s - +0 plate armour
rPois    +         Spirit   .   (helmet restricted)
rElec    .         Reflect  .   w - +0 cloak
rCorr    .         Harm     .   x - +0 pair of gloves
MR       .....                  (no boots)
Stlth    ..........             (no amulet)
Regen    0.3/turn               r - ring of protection from cold
MPRegen  0.2/turn               (no ring)

@: berserk cooldown, hasted and slowed
A: retaliatory headbutt, horns 2, poison resistance, shaggy fur 2, subdued magic
1
a: Berserk, Trog's Hand, Brothers in Arms, Burn Spellbooks, Renounce Religion,
Evoke Flight


You were on level 3 of the Lair of Beasts.
You worshipped Trog.
Trog was greatly pleased with you.
You were very hungry.

You visited 3 branches of the dungeon, and saw 13 of its levels.

You collected 619 gold pieces.
You spent 120 gold pieces at shops.

Inventory:

Hand Weapons
 a - the +6 whip of Big Damage (weapon) {elec, +Fly rN++ Str-4 Dex+3}
   (You found it on level 5 of the Dungeon)

   Occasionally, upon striking a foe, it will discharge some electrical energy
   and cause terrible harm.
   It affects your strength (-4).
   It affects your dexterity (+3).
   It greatly protects you from negative energy.
   It lets you fly.
 y - a +0 hand axe
Armour
 s - a +0 plate armour (worn)
 w - a +0 cloak (worn)
 x - a +0 pair of gloves (worn)
Jewellery
 r - a ring of protection from cold (left hand)
Wands
 b - a wand of enslavement (18/24)
 l - a wand of flame (19/48)
 m - a wand of scattershot (0/9)
 p - a wand of paralysis (11/24)
 u - a wand of random effects (24/48)
 B - a wand of iceblast (3/15)
 J - a wand of acid (3/15)
Scrolls
 d - 3 scrolls of fear {unknown}
 e - 2 scrolls of summoning {unknown}
 f - 5 scrolls of amnesia {unknown}
 g - 2 scrolls of teleportation
 h - 4 scrolls of remove curse
 i - 5 scrolls of recharging {unknown}
 j - 5 scrolls of blinking {unknown}
 v - 2 scrolls of fog {unknown}
 z - 3 scrolls of magic mapping
 A - 5 scrolls of enchant weapon {unknown}
 I - a scroll of immolation {unknown}
 K - 3 scrolls of identify
 L - a scroll of brand weapon {unknown}
Potions
 k - 2 potions of flight
 n - 2 potions of haste
 o - a potion of lignification
 q - a potion of mutation
 t - a potion of ambrosia
 C - 2 potions of resistance
 D - 2 potions of curing
 G - a potion of berserk rage
Comestibles
 c - 9 bread rations
 E - 5 royal jellies
 F - 6 fruits
 H - a meat ration


   Skills:
 + Level 10.8 Fighting
 - Level 20.0 Axes
 - Level 2.4 Armour
 - Level 2.1 Dodging


You had 11 spell levels left.
You didn't know any spells.

Dungeon Overview and Level Annotations

Branches:
Dungeon (9/15)             Temple (1/1) D:4            Lair (3/6) D:9
    Orc (0/2) D:9
  Swamp: Lair:2-4    Shoals: Lair:2-4     Snake: Lair:2-4    Spider: Lair:2-4

Altars:
Ashenzari
Cheibriados
Dithmenos
Elyvilon
Fedhas
Gozag
Hepliaklqana
Kikubaaqudgha
Makhleb
Nemelex Xobeh
Okawaru
Qazlal
Ru
Sif Muna
Trog
Uskayaw
Vehumet
Xom
Yredelemnul
Zin
The Shining One

Shops:
D:8 ?

Annotations:
Lair:3 exclusion: 4 oklob plants


Innate Abilities, Weirdness & Mutations

You reflexively headbutt those who attack you in melee.
You have a pair of horns on your head.
Your system is resistant to poisons. (rPois)
You are covered in thick fur. (AC +2)
Your spells are a little easier to cast, but a little less powerful.


Message History

* * * LOW HITPOINT WARNING * * *
The tyrant leech draws strength from your injuries!
Okay, then.
Unknown command.
You fail to use your ability.
The tyrant leech bites you but does no damage.
You feel yourself speed up. The tyrant leech bites you.
* * * LOW HITPOINT WARNING * * *
Your ogre goes berserk!
You are feeling very hungry.
The tyrant leech bites you!!
* * * LOW HITPOINT WARNING * * *
You miss the tyrant leech. Your headbutt misses the tyrant leech.
The tyrant leech is lightly wounded.
You whack the tyrant leech!
Lightning courses through the tyrant leech!
Your headbutt misses the tyrant leech.
The tyrant leech is severely wounded.
The tyrant leech bites you!!
You die...

#......# .......## ##.......# ###
P......## #### ##.##
############.......P#
#..P##P..####.##.#.##...#......P.
.................O....†..........
................@w....†..........
.................................
.................................
.>.......>.......................
.................................
..............................♣♣§
.########..########.##..#.##♣♣♣
## #### #########


You could see a tyrant leech and a friendly ogre (berserk).

Vanquished Creatures
  4 hydras
  A two-headed ogre (D:6)
  The ghost of Mesmaeker13 the Infuser, a novice DrSk of Okawaru (D:8)
  Maurice (D:8)
  2 black mambas
  A rime drake (Lair:2)
  5 spiny frogs
  A komodo dragon (Lair:2)
  2 trolls
  4 hornets
  A tyrant leech (Lair:3)
  Sigmund (D:2)
  The ghost of Thomus the Magician, an amateur DECj (D:4)
  4 yaks (Lair:3)
  A basilisk (Lair:2)
  Eustachio (D:6)
  A hungry ghost (D:8)
  3 wargs (D:9)
  Duvessa (D:7)
  5 porcupines
  11 water moccasins
  3 ice beasts
  5 orc warriors
  A sky beast (D:6)
  2 black bears
  4 phantoms
  4 ogres
  3 centaurs
  6 crocodiles
  19 bullfrogs
  3 scorpions
  Dowan (D:7)
  5 wights (D:7)
  A howler monkey (D:4)
  A crimson imp (D:9)
  5 hounds
  A centaur skeleton (D:8)
  2 orc priests
  Crazy Yiuf (D:3)
  Jessica (D:2)
  A bullfrog skeleton (D:9)
  3 iguanas
  9 worker ants
  Ijyb (D:3)
  Natasha (thrice) (D:3)
  8 orc wizards
  6 hell rats (Lair:2)
  2 hound zombies
  A hound skeleton (D:7)
  4 gnolls (D:3)
  6 adders
  13 river rats
  A shadow imp (D:7)
  3 oozes
  3 adder zombies
  An adder skeleton (D:6)
  6 worms
  2 dart slugs
  4 leopard geckos
  30 orcs
  A ball python (D:2)
  2 bat zombies (D:1)
  7 giant cockroaches
  8 goblins
  5 hobgoblins
  9 jackals
  5 kobolds
  14 quokkas
  4 bats
  6 frilled lizards
  A jackal zombie (D:6)
  A leopard gecko skeleton (D:6)
  12 rats
  8 plants (Lair:1)
310 creatures vanquished.

Vanquished Creatures (collateral kills)
  A hydra (Lair:1)
  5 yaks (Lair:3)
  A water moccasin (Lair:1)
  3 river rats (Lair:2)
  A quokka (Lair:2)
  A rat (Lair:2)
12 creatures vanquished.

Vanquished Creatures (others)
  2 fungi (Lair:2)
  2 plants
4 creatures vanquished.

Grand Total: 326 creatures vanquished

Notes
Turn   | Place    | Note
-------+----------+-------------------------------------------
     0 | D:1      | vomix the Minotaur Berserker began the quest for the Orb.
     0 | D:1      | Reached XP level 1. HP: 19/19 MP: 0/0
   110 | D:1      | Reached skill level 4 in Axes
   227 | D:1      | Reached XP level 2. HP: 24/26 MP: 1/1
   643 | D:1      | You fall through a shaft!
   723 | D:2      | Reached skill level 5 in Axes
   782 | D:2      | Reached XP level 3. HP: 27/31 MP: 2/2
   913 | D:1      | Reached ** piety under Trog
  1070 | D:2      | Found a white marble altar of Elyvilon.
  1074 | D:2      | Noticed Sigmund
  1080 | D:2      | Killed Sigmund
  1080 | D:2      | Reached skill level 7 in Axes
  1080 | D:2      | Reached XP level 4. HP: 39/39 MP: 3/3
  1080 | D:2      | Reached XP level 5. HP: 45/45 MP: 4/4
  1121 | D:2      | Noticed Jessica
  1129 | D:2      | Killed Jessica
  1319 | D:2      | Found a glowing golden altar of the Shining One.
  1388 | D:3      | Noticed Ijyb
  1393 | D:3      | Paralysed by Ijyb for 4 turns
  1400 | D:3      | Killed Ijyb
  1400 | D:3      | Reached skill level 8 in Axes
  1764 | D:3      | Found a transporter.
  1781 | D:3      | Reached XP level 6. HP: 51/51 MP: 5/5
  1873 | D:3      | Found a transporter.
  1874 | D:3      | Noticed Natasha
  1884 | D:3      | Killed Natasha
  2105 | D:3      | You fall through a shaft!
  2106 | D:4      | Found a shadowy altar of Dithmenos.
  2116 | D:4      | Reached skill level 9 in Axes
  2318 | D:3      | Noticed Natasha
  2327 | D:3      | Killed Natasha
  2512 | D:3      | Noticed Natasha
  2516 | D:3      | Killed Natasha
  2533 | D:3      | Reached *** piety under Trog
  2591 | D:3      | Found a runed door.
  2595 | D:3      | Noticed Crazy Yiuf
  2601 | D:3      | Killed Crazy Yiuf
  2949 | D:4      | Reached XP level 7. HP: 55/57 MP: 6/6
  3033 | D:4      | Reached skill level 10 in Axes
  3253 | D:4      | Noticed Thomus's ghost (amateur DECj)
  3258 | D:4      | Killed Thomus's ghost
  3427 | D:4      | Reached skill level 11 in Axes
  3526 | D:4      | Found a staircase to the Ecumenical Temple.
  3533 | Temple   | Entered the Ecumenical Temple
  3860 | D:4      | Reached XP level 8. HP: 57/64 MP: 7/7
  3907 | D:5      | Entered Level 5 of the Dungeon
  3909 | D:5      | Got an ichor-stained whip
  3910 | D:5      | Identified the +6 whip of Big Damage {elec, +Fly rN++ Str-4 Dex+3} (You found it on level 5 of the Dungeon)
  4377 | D:6      | Reached skill level 12 in Axes
  4483 | D:6      | Noticed a two-headed ogre
  4491 | D:6      | Killed a two-headed ogre
  4491 | D:6      | Reached skill level 13 in Axes
  4491 | D:6      | Reached XP level 9. HP: 30/70 MP: 8/8
  4757 | D:6      | Reached skill level 14 in Axes
  4793 | D:6      | Reached **** piety under Trog
  5029 | D:6      | Noticed Eustachio
  5044 | D:6      | Killed Eustachio
  5474 | D:7      | Reached skill level 15 in Axes
  5627 | D:7      | Noticed Dowan
  5653 | D:7      | Reached skill level 16 in Axes
  5659 | D:7      | Killed Dowan
  5714 | D:7      | Noticed Duvessa
  5722 | D:7      | Killed Duvessa
  6051 | D:7      | Noticed a troll
  6057 | D:7      | Killed a troll
  6057 | D:7      | Reached XP level 10. HP: 77/77 MP: 9/9
  6396 | D:8      | Noticed Maurice
  6405 | D:8      | Killed Maurice
  6638 | D:8      | Found Josi's Magic Scroll Shoppe.
  6646 | D:8      | Bought a scroll of identify for 20 gold pieces
  6646 | D:8      | Bought a scroll of teleportation for 30 gold pieces
  6646 | D:8      | Bought 2 scrolls of magic mapping for 70 gold pieces
  6725 | D:8      | Noticed Mesmaeker13's ghost (novice DrSk)
  6730 | D:8      | Reached skill level 17 in Axes
  6741 | D:8      | Killed Mesmaeker13's ghost
  6741 | D:8      | Reached ***** piety under Trog
  7506 | D:9      | Found a shadowy altar of Dithmenos.
  7534 | D:9      | Reached skill level 18 in Axes
  7732 | D:9      | Found a staircase to the Orcish Mines.
  7744 | D:9      | Found a staircase to the Lair.
  8306 | D:9      | Found a sacrificial altar of Ru.
  8459 | D:9      | Found a bloodstained altar of Trog.
  8459 | D:9      | Found a blossoming altar of Fedhas.
  8460 | D:9      | Found an iron altar of Okawaru.
  8737 | Lair:1   | Entered Level 1 of the Lair of Beasts
  8796 | Lair:1   | Reached XP level 11. HP: 82/82 MP: 10/10
  9004 | Lair:1   | Reached skill level 19 in Axes
  9017 | Lair:1   | Noticed a five-headed hydra
  9020 | Lair:1   | Killed a five-headed hydra
 10562 | Lair:2   | Noticed a four-headed hydra
 11038 | Lair:1   | Reached skill level 20 in Axes
 11069 | Lair:2   | Killed a four-headed hydra
 11069 | Lair:2   | Reached skill level 5 in Fighting
 11092 | Lair:2   | Noticed an eight-headed hydra
 11099 | Lair:2   | Killed an eight-headed hydra
 11306 | Lair:3   | Noticed a five-headed hydra
 11320 | Lair:3   | Killed a five-headed hydra
 11829 | Lair:2   | Noticed a six-headed hydra
 11836 | Lair:2   | Killed a six-headed hydra
 11836 | Lair:2   | Reached XP level 12. HP: 105/105 MP: 11/11
 12144 | Lair:2   | Reached skill level 10 in Fighting
 12605 | Lair:3   | Gained mutation: Your spells are a little easier to cast, but a little less powerful. [potion of mutation]
 12605 | Lair:3   | Gained mutation: You are covered in fur. (AC +1) [potion of mutation]
 12605 | Lair:3   | Gained mutation: Your system is resistant to poisons. (rPois) [potion of mutation]
 12605 | Lair:3   | Gained mutation: You are covered in thick fur. (AC +2) [potion of mutation]
 12609 | Lair:3   | HP: 5/108 [tyrant leech (25)]
 12611 | Lair:3   | Annihilated by a tyrant leech

Skill      XL: |  1  2  3  4  5  6  7  8  9 10 11 12 |
---------------+-------------------------------------+-----
Axes           | 4 5 7 8 9 11 13 16 18 20 | 20.0
Fighting       | 9 10 | 10.8
Armour         | |  2.4
Dodging        | |  2.1

Action                   |  1- 3 |  4- 6 |  7- 9 | 10-12 || total
-------------------------+-------+-------+-------+-------++-------
Melee: Hand axe          |    43 |   111 |    60 |       ||   214
       Headbutt          |     7 |    26 |    45 |   119 ||   197
       Whip              |       |       |   180 |   486 ||   666
Invok: Berserk           |     1 |     2 |     8 |    17 ||    28
       Trog's Hand       |     1 |     1 |       |     1 ||     3
       Brothers in Arms  |       |       |       |    10 ||    10
Evoke: Wand              |       |       |       |     2 ||     2
  Use: Scroll            |       |       |     6 |     7 ||    13
       Potion            |       |       |     2 |     3 ||     5
 Stab: Sleeping          |       |     2 |       |       ||     2
  Eat: Chunk             |       |     9 |    10 |    24 ||    43
       Royal jelly       |       |     1 |       |     7 ||     8
       Meat ration       |       |     1 |       |     1 ||     2
       Fruit             |       |       |       |     2 ||     2
Armor: Animal skin       |    11 |     8 |       |       ||    19
       Scale mail        |       |     4 |    20 |       ||    24
       Plate armour      |       |       |    70 |   189 ||   259
Dodge: Dodged            |    31 |    62 |    65 |    83 ||   241
